 Dungeon Crawl Stone Soup version 0.24.1 (webtiles) character file.

Game seed: 15567413924791960213, levelgen mode: deterministic

645 Peloso the Slasher (level 7, -7/61 HPs)
             Began as a Minotaur Fighter on Apr 5, 2020.
             Killed by divine providence
             ... invoked by an orc priest
              (10 damage)
             ... on level 5 of the Dungeon.
             The game lasted 00:10:03 (3444 turns).

Peloso the Slasher (Minotaur Fighter)               Turns: 3444, Time: 00:10:04

Health: -7/61      AC:  8    Str: 24    XL:     7   Next: 27%
Magic:  6/6        EV:  9    Int:  5    God:
Gold:   215        SH: 10    Dex: 12    Spells: 6/6 levels left

rFire    . . .     SeeInvis .   a - +1 long sword
rCold    . . .     Gourm    .   c - +0 shield
rNeg     . . .     Faith    .   e - +0 scale mail
rPois    .         Spirit   .   (helmet restricted)
rElec    .         Reflect  .   (no cloak)
rCorr    .         Harm     .   h - +0 pair of gloves
MR       .....                  (no boots)
Stlth    ..........             (no amulet)
HPRegen  0.20/turn              (no ring)
MPRegen  0.10/turn              (no ring)

@: no status effects
A: retaliatory headbutt, horns 2, agile 1, sense surroundings 1, screaming 1,
strong 1
a: no special abilities


You were on level 5 of the Dungeon.
You were not hungry.

You visited 1 branch of the dungeon, and saw 5 of its levels.
You also visited: Sewer.

You collected 215 gold pieces.

Inventory:

Hand Weapons
 a - a +1 long sword (weapon)
 b - the +7 spear "Awiaj" {antimagic, +Fly}
   (You found it on level 4 of the Dungeon)

   It reduces the magical energy of the wielder, and disrupts the spells and
   magical abilities of those hit.
   Natural abilities and divine invocations are not affected.
   It lets you fly.
Armour
 c - a +0 shield (worn)
 e - a +0 scale mail (worn)
 h - a +0 pair of gloves (worn)
Jewellery
 m - an uncursed ring of wizardry {unknown}
Scrolls
 i - 6 scrolls of identify
 l - a scroll of remove curse
 r - 3 scrolls of teleportation {unknown}
 s - a scroll of blinking {unknown}
 t - a scroll of magic mapping
 u - a scroll of fog {unknown}
Potions
 d - 2 potions of might
 g - a potion of degeneration {unknown}
 j - a potion of berserk rage
 k - a potion of haste
 n - 7 potions of curing
 o - a potion of agility {unknown}
 p - 3 potions of flight
 q - a potion of ambrosia {unknown}
Comestibles
 f - 5 rations


   Skills:
 + Level 5.5 Fighting
 + Level 6.3 Long Blades
 + Level 5.3 Armour
 + Level 1.8 Dodging
 + Level 0.4 Stealth
 + Level 5.3 Shields


You had 6 spell levels left.
You didn't know any spells.
Your spell library was empty.

Dungeon Overview and Level Annotations

Branches:
Dungeon (5/15)              Sewer (visited)
 Temple: D:4-7

Altars:
Hepliaklqana
Makhleb
Trog

Annotations:
D:3 2 runed translucent doors, Alannah's ghost, amateur DsHu


Innate Abilities, Weirdness & Mutations

You reflexively headbutt those who attack you in melee.
You have a pair of horns on your head.
You are agile. (Dex +2)
You passively map a small area around you.
You occasionally shout uncontrollably at your foes.
Your muscles are strong. (Str +2)


Message History

The crimson imp is moderately wounded.
The crimson imp hits you.
You closely miss the crimson imp. Your headbutt misses the crimson imp.
The crimson imp is moderately wounded.
You block the crimson imp's attack.
You completely miss the crimson imp. Your headbutt misses the crimson imp.
The crimson imp is moderately wounded.
The crimson imp hits you but does no damage.
You hear some strange, mumbled words.
You hit the crimson imp but do no damage.
Your headbutt misses the crimson imp.
The crimson imp is lightly wounded.
The orc priest invokes the aid of Beogh against you.
Beogh smites you!
* * * LOW HITPOINT WARNING * * *
The crimson imp hits you.
* * * LOW HITPOINT WARNING * * *
The orc priest invokes the aid of Beogh against you.
Beogh smites you!
You die...

, , * , . * ..# .* #.# ,
.* #.#
.###############.### ##.
.........†..............,
.........##....#.##.....
....####.##....#........
...## #.#....o5@# , #.##
#.#....o###... #.#,,
#.#...o........ #.#+
**..#.#o######... *
...###...#.......# ,,
.8...........{...+
...###...........#*
#.#+,##..#........# , ,
#.# ##.#..........,


You could see 2 orc priests, an orc wizard, a crimson imp and an orc.

Vanquished Creatures
  A big kobold (Sewer)
  Blork the orc (D:4)
  A scorpion (D:4)
  A jelly (D:5)
  3 hounds
  2 orc priests
  2 orc wizards (D:4)
  3 worker ants
  2 adders (D:4)
  A river rat (Sewer)
  3 oozes
  4 worms
  3 dart slugs
  8 leopard geckos
  9 orcs
  8 bats
  4 giant cockroaches
  4 hobgoblins
  4 jackals
  7 kobolds
  A ball python (D:1)
  2 frilled lizards
  7 goblins
  A quokka skeleton (D:4)
  14 rats
96 creatures vanquished.

Notes
Turn   | Place    | Note
-------+----------+-------------------------------------------
     0 | D:1      | Peloso the Minotaur Fighter began the quest for the Orb.
     0 | D:1      | Reached XP level 1. HP: 19/19 MP: 0/0
   263 | D:1      | Reached XP level 2. HP: 27/27 MP: 1/1
   996 | D:2      | Reached skill level 3 in Long Blades
   996 | D:2      | Reached XP level 3. HP: 33/33 MP: 2/2
  1066 | D:2      | Found a faded altar of an unknown god.
  1113 | D:2      | Found a hazy altar of Hepliaklqana.
  1224 | D:2      | Gained mutation: Your muscles are strong. (Str +2) [potion
                  | of mutation]
  1224 | D:2      | Gained mutation: You passively map a small area around you.
                  | [potion of mutation]
  1224 | D:2      | Gained mutation: You occasionally shout uncontrollably at
                  | your foes. [potion of mutation]
  1224 | D:2      | Gained mutation: You are agile. (Dex +2) [potion of
                  | mutation]
  1621 | D:3      | Found a large runed translucent door.
  1622 | D:3      | Found a large runed translucent door.
  1623 | D:3      | Noticed Alannah's ghost (amateur DsHu)
  1718 | D:3      | Reached XP level 4. HP: 40/41 MP: 3/3
  1723 | D:3      | Reached skill level 4 in Long Blades
  2079 | D:4      | Reached XP level 5. HP: 47/47 MP: 4/4
  2110 | D:4      | Reached skill level 1 in Dodging
  2188 | D:4      | Found a bloodstained altar of Trog.
  2265 | D:4      | Reached skill level 5 in Long Blades
  2341 | D:4      | Reached skill level 5 in Fighting
  2356 | D:4      | Reached XP level 6. HP: 56/56 MP: 5/5
  2360 | D:4      | Noticed Blork the orc
  2368 | D:4      | Killed Blork the orc
  2370 | D:4      | Reached skill level 5 in Shields
  2385 | D:4      | Got a shimmering spear
  2542 | D:4      | Found a burning altar of Makhleb.
  2591 | D:4      | Found a glowing drain.
  2597 | Sewer    | Entered a sewer
  2693 | Sewer    | Reached skill level 6 in Long Blades
  2693 | Sewer    | Reached XP level 7. HP: 6/61 MP: 6/6
  2878 | Sewer    | Found a white marble altar of Elyvilon.
  3292 | D:4      | Identified the +7 spear "Awiaj" {antimagic, +Fly} (You
                  | found it on level 4 of the Dungeon)
  3341 | D:5      | Entered Level 5 of the Dungeon
  3376 | D:5      | Reached skill level 5 in Armour
  3444 | D:5      | HP: 3/61 [crimson imp (1)]
  3444 | D:5      | Killed from afar by an orc priest

Levels and vault maps discovered:
D:1:      ncdulo_halloftheorcs, layout_loops_corners
D:2:      layout_rooms, old_standard_altar, chequers_ecumenical_altar_simple,
          first_ration
D:3:      layout_basic, ebering_ghost_disaster_area
D:4:      minmay_octagon_keep, layout_loops_ring, old_standard_altar,
          gup_sewer_entry_bubbles, bloody_trog, uniq_blork_the_orc
D:5:      cheibrodos_barr_body, layout_basic, vehumet_altar_wand_db

Skill      XL: |  1  2  3  4  5  6  7 |
---------------+----------------------+-----
Fighting       | 4 5 |  5.5
Armour         | 4 5 |  5.3
Long Blades    | 3 4 5 6 |  6.3
Shields        | 4 5 |  5.3
Dodging        | 1 |  1.8
Stealth        | |  0.4

Action                   |  1- 3 |  4- 6 |  7- 9 || total
-------------------------+-------+-------+-------++-------
Melee: Long sword        |    83 |   112 |    31 ||   226
       Headbutt          |    13 |    22 |     6 ||    41
  Use: Potion            |     6 |       |       ||     6
       Scroll            |     4 |     1 |     1 ||     6
  Eat: Chunk             |     3 |     2 |     1 ||     6
       Ration            |       |       |     1 ||     1
Armor: Scale mail        |    41 |    53 |    19 ||   113
Dodge: Dodged            |    20 |    35 |     8 ||    63
Block: Shield            |    33 |    73 |    15 ||   121
       Rpst.: Long sword |     9 |    10 |     1 ||    20
